 Dungeon Crawl Stone Soup version 0.27-a0-1078-g0d77da13b5 (webtiles) character file.

Game seed: 13363168272022385156

11717 Gaff the Thaumaturge (level 11, -11/74 HPs)
             Began as a Djinni Venom Mage on Apr 25, 2021.
             Was a High Priest of Nemelex Xobeh.
             Mangled by an entropy weaver (13 damage)
             ... in a Gauntlet.
             The game lasted 01:23:18 (17819 turns).

Gaff the Thaumaturge (Djinni Venom Mage)           Turns: 17819, Time: 01:23:19

Health: -11/74     AC:  6    Str: 10    XL:     11   Next: 82%
Gold:   558        EV: 11    Int: 20    God:    Nemelex Xobeh [*****.] SH:  0 Dex: 14

rFire    + + .     SeeInvis .   s - +2 quarterstaff (spect)
rCold    . . .     Faith    .   (shield currently unavailable)
rNeg     . . .     Spirit   .   v - +4 ring mail
rPois    ∞         Reflect  .   (no helmet)
rElec    .         Harm     .   (no cloak)
rCorr    +         Rampage  .   (no gloves)
Will     ++...     NoTele   +   (boots unavailable)
Stlth    +.........             (no amulet)
HPRegen  0.22/turn              g - ring "Koczuum" {rC+ Will+ AC+4 Str+3}
MPRegen  0.00/turn              D - ring of resist corrosion

@: corroded, flying
A: fire resistance 2, cold vulnerability 1, float, innate caster, hp casting,
extra vitality 1
a: Renounce Religion, Draw Escape, Draw Destruction, Draw Summoning, Triple
Draw, Deal Four, Stack Five


You were in a Gauntlet.
You worshipped Nemelex Xobeh.
Nemelex Xobeh was extremely pleased with you.
You visited 2 branches of the dungeon, and saw 12 of its levels.
You also visited: Bailey and Gauntlet.

You collected 558 gold pieces.

Inventory:

Hand Weapons
 a - a +1 dagger of distortion
 s - a +2 spectral quarterstaff (weapon)
 S - a +3 halberd of electrocution
Missiles
 B - 10 atropa-tipped darts
 C - 13 curare-tipped darts
Armour
 m - the +2 cloak of Oblivion {rC+ Regen+}
   (You found it in a Gauntlet)

   It protects you from cold.
   It increases your rate of health regeneration.
 v - a +4 ring mail (worn)
 A - a +2 robe of willpower
 K - a +2 leather armour of fire resistance
Magical Staves
 l - a staff of cold
Jewellery
 e - the ring of Laxedapp {Fly rPois Str+6 SInv}
   (You found it in a Gauntlet)

   [ring of poison resistance]

   It affects your strength (+6).
   It protects you from poison.
   It lets you see invisible.
   It grants you flight.
 g - the ring "Koczuum" (left hand) {rC+ Will+ AC+4 Str+3}
   (You acquired it on level 4 of the Dungeon)

   [ring of protection]

   It affects your AC (+4).
   It affects your strength (+3).
   It protects you from cold.
   It increases your willpower.
 i - a ring of willpower
 t - a ring of ice
 D - a ring of resist corrosion (right hand)
 Y - a ring of wizardry
Wands
 z - a wand of polymorph (4)
 G - a wand of flame (41)
 J - a wand of paralysis (11)
Scrolls
 b - a scroll of blinking
 c - a scroll of summoning
 d - 2 scrolls of teleportation
 k - 3 scrolls of immolation
 M - a scroll of enchant weapon
Potions
 f - 4 potions of mutation {unknown}
 h - 2 potions of experience {unknown}
 j - a potion of degeneration {unknown}
 o - 3 potions of might
 u - 3 potions of attraction
 F - 3 potions of ambrosia {unknown}
 H - a potion of cancellation
 L - a potion of flight
 O - 3 potions of curing
 T - a potion of berserk rage
 U - a potion of magic {unknown}


   Skills:
 + Level 4.7 Fighting
 - Level 2.4 Staves
 + Level 8.6 Armour
 - Level 2.1 Dodging
 - Level 1.5 Stealth
 * Level 10.7 Spellcasting
 + Level 8.6 Invocations
 - Level 2.2 Evocations


You had 5 spell levels left.
You knew the following spells:

 Your Spells              Type           Power      Damage    Failure   Level
a - Sting                 Tmut/Pois      100%       1d8       1%          1
b - Poisonous Vapours     Pois/Air       100%       N/A       1%          2
c - Mephitic Cloud        Conj/Pois/Air  52%        N/A       1%          3
d - Ignite Poison         Fire/Tmut/Pois 52%        N/A       1%          3
e - Olgreb's Toxic Radia  Pois           52%        N/A       1%          4
f - Foxfire               Conj/Fire      100%       2x1d9     1%          1
g - Passwall              Tmut/Erth      43%        N/A       1%          2
h - Slow                  Hex            52%        N/A       1%          2
i - Spider Form           Tmut/Pois      26%        N/A       1%          3
j - Summon Forest         Summ/Tloc      26%        N/A       4%          5
Your spell library was empty.

Dungeon Overview and Level Annotations

Branches:
Dungeon (11/15)            Temple (0/1) D:6            Lair (1/6) D:10
 Bailey (visited)         Gauntlet (1/1)
    Orc: D:9-12

Altars:
Fedhas
Gozag
Hepliaklqana
Makhleb
Nemelex Xobeh
Sif Muna
Trog
Wu Jian
Xom
Zin
The Shining One

Shops:
D:1 ?

Annotations:
D:10 2 transporters, petercordia2's ghost, journeyman NaTm Gauntlet 4 transporters


Innate Abilities, Weirdness & Mutations

You are immune to poison.
Your flesh is very heat resistant. (rF++)
You are vulnerable to cold. (rC-)
You float through the air rather than walking.
You learn spells naturally, not from books.
Your magical power is your life essence.
You have superior vitality. (+4 HP)


Message History

The entropy weaver is heavily wounded.
* * * LOW HITPOINT WARNING * * *
The entropy weaver is poisoned.
Your toxic aura wanes.
Aiming: Poisonous Vapours (safe; 1% risk of failure)
Press: ? - help, Q - select action, (/) - cycle Dir - move target, f - entropy weaver
Aim: an entropy weaver (heavily wounded, poisoned) Poisonous vapours surround the entropy weaver!
* * * LOW HITPOINT WARNING * * *
The entropy weaver is engulfed in poison gas.
The entropy weaver looks even sicker.
You feel much better.
The entropy weaver points at you and mumbles some strange words.
The entropic weave corrodes you!
Aiming: Poisonous Vapours (safe; 1% risk of failure)
Press: ? - help, Q - select action, (/) - cycle Dir - move target, f/p - entropy weaver
Aim: an entropy weaver (heavily wounded, very poisoned) Poisonous vapours surround the entropy weaver!
* * * LOW HITPOINT WARNING * * *
The entropy weaver is engulfed in poison gas.
The entropy weaver looks even sicker.
The entropy weaver hits you!
* * * LOW HITPOINT WARNING * * *
The entropy weaver hits you!
* * * LOW HITPOINT WARNING * * *
The entropy weaver hits you.
* * * LOW HITPOINT WARNING * * *
The entropy weaver barely misses you.
The entropy weaver is engulfed in poison gas.
The entropy weaver looks as sick as possible!
The entropy weaver hits you.
* * * LOW HITPOINT WARNING * * *
The entropy weaver closely misses you. The entropy weaver barely misses you.
The entropy weaver hits you but does no damage.
Okay, then.
Casting: Poisonous Vapours (safe; 1% risk of failure)
Confirm with . or Enter, or press ? or * to list all spells.
You don't have enough health to cast this spell.
You draw a card...
You have drawn Exile.
The entropy weaver hits you!
You die...
Your body glows with a rainbow of weird colours and disappears.

....#©..8#.⌠.#.8.#
.#########.8.#.©.#
.###?2.$.#...#.8.#
.###.###.#...#.©.#
.#.#..##.#.8.#.8.##.
.#...©..5#.∩.#.©....
.#.##..#.#.8.#.8.###
.#.###.###...#.B.#
.#.545.###...#.8@#
.#########.8.#.©.#
....#©..8#.⌠.#.8.#
..8.#...©#.8.#...#
....#©..8#...#...#
.#########...#≈≈≈#
.#.##©##.#..###≈##
.#..#..#.#.## ###
.###.##.##.≈##


You could see an entropy weaver (extremely poisoned).

Vanquished Creatures
  A minotaur (D:10)
  2 two-headed ogres (D:10)
  Sonja (D:10)
  Pikel (D:6)
  An orc knight (Bailey)
  A cane toad (Lair:1)
  Maggie (D:8)
  An ice devil (Gauntlet)
  A jumping spider (Gauntlet)
  A hornet (D:9)
  5 blink frogs (Lair:1)
  A redback (Gauntlet)
  A human (D:10)
  3 yaks (D:10)
  2 wargs (D:10)
  2 water moccasins
  Duvessa (D:7)
  3 orc warriors
  A sky beast (D:6)
  An ice beast (D:7)
  2 black bears
  2 necrophages (D:6)
  5 ogres
  3 centaurs
  4 lemures (D:7)
  3 phantoms
  Blork the orc (D:4)
  A kobold brigand (D:6)
  A small abomination (Gauntlet)
  3 bullfrogs
  2 scorpions
  A gnoll sergeant (D:8)
  Dowan (D:7)
  7 killer bees
  3 howler monkeys
  An electric eel (Lair:1)
  3 jellies
  4 centaur zombies
  A hound (D:6)
  7 orc priests
  A centaur skeleton (D:5)
  3 iguanas
  9 orc wizards
  Robin (D:4)
  20 gnolls
  A river rat (D:6)
  6 adders
  5 white imps
  2 ufetubi
  An adder skeleton (D:4)
  3 worms
  3 dart slugs
  31 orcs
  5 bats
  6 endoplasms
  3 giant cockroaches
  20 goblins
  13 hobgoblins
  2 jackals (D:2)
  22 kobolds
  4 quokkas
  3 ball pythons
  5 frilled lizards
  8 rats
263 creatures vanquished.

Vanquished Creatures (collateral kills)
  A large abomination (Gauntlet)
  A warg (D:10)
  2 water moccasins (Lair:1)
  An orc warrior (D:6)
  A centaur (D:9)
  2 small abominations (Gauntlet)
  A nameless horror (D:10)
  A howler monkey (D:8)
  3 gnolls (Bailey)
  A goblin (D:9)
  A hobgoblin (Bailey)
  A foxfire (Lair:1)
16 creatures vanquished.

Vanquished Creatures (others)
  182 foxfires
  40 plants
  A withered plant (D:1)
223 creatures vanquished.

Grand Total: 502 creatures vanquished

Notes
Turn   | Place    | Note
-------+----------+-------------------------------------------
     0 | D:1      | Gaff the Djinni Venom Mage began the quest for the Orb.
     0 | D:1      | Reached XP level 1. HP: 15/15 MP: 0/0
   270 | D:1      | Reached skill level 3 in Spellcasting
   270 | D:1      | Reached XP level 2. HP: 20/21 MP: 0/0
   543 | D:1      | Found a faded altar of an unknown god.
   579 | D:1      | Became a worshipper of Nemelex Xobeh the Trickster
   579 | D:1      | Reached * piety under Nemelex Xobeh
   594 | D:1      | Reached skill level 1 in Armour
   852 | D:1      | Received a gift from Nemelex Xobeh
   869 | D:1      | Reached XP level 3. HP: 22/25 MP: 0/0
   869 | D:1      | Learned a level 1 spell: Foxfire
  1031 | D:1      | Found Oshier's Magic Scroll Shoppe.
  1687 | D:2      | Reached skill level 1 in Invocations
  1687 | D:2      | Reached XP level 4. HP: 23/31 MP: 0/0
  2489 | D:2      | Noticed a black bear
  2500 | D:2      | Killed a black bear
  2501 | D:2      | Reached skill level 4 in Spellcasting
  2501 | D:2      | Reached XP level 5. HP: 25/35 MP: 0/0
  2501 | D:2      | Learned a level 2 spell: Passwall
  2789 | D:3      | Reached ** piety under Nemelex Xobeh
  2802 | D:3      | Found an opulent altar of Gozag.
  2994 | D:3      | Found a glowing silver altar of Zin.
  4304 | D:4      | Identified a scroll of acquirement
  4307 | D:4      | Acquired the ring "Koczuum" {rC+ Will+ AC+4 Str+3}
  4423 | D:4      | Received a gift from Nemelex Xobeh
  4437 | D:4      | Reached XP level 6. HP: 23/40 MP: 0/0
  5128 | D:4      | Reached skill level 1 in Staves
  5128 | D:4      | Reached XP level 7. HP: 29/45 MP: 0/0
  5128 | D:4      | Learned a level 2 spell: Slow
  5182 | D:4      | Noticed Robin
  5186 | D:4      | Killed Robin
  5249 | D:4      | Reached skill level 5 in Spellcasting
  5659 | D:4      | Noticed Blork the orc
  5666 | D:4      | Killed Blork the orc
  6073 | D:5      | Entered Level 5 of the Dungeon
  6527 | D:5      | Reached XP level 8. HP: 18/50 MP: 0/0
  6795 | D:5      | Reached *** piety under Nemelex Xobeh
  6964 | D:5      | Received a gift from Nemelex Xobeh
  7066 | D:6      | Reached skill level 1 in Evocations
  7071 | D:6      | Reached skill level 6 in Spellcasting
  7214 | D:6      | Found a staircase to the Ecumenical Temple.
  7790 | D:5      | Reached XP level 9. HP: 41/55 MP: 0/0
  7790 | D:5      | Learned a level 3 spell: Spider Form
  7829 | D:6      | Reached skill level 5 in Armour
  7864 | D:6      | Reached skill level 7 in Spellcasting
  7864 | D:6      | Reached skill level 5 in Invocations
  7977 | D:6      | You are sucked into a shaft and drop 1 floor!
  8213 | D:7      | Received a gift from Nemelex Xobeh
  8499 | D:6      | Received a gift from Nemelex Xobeh
  8933 | D:6      | Found a burning altar of Makhleb.
  9022 | D:6      | Found an ornate altar of the Wu Jian Council.
  9374 | D:7      | Noticed Pikel
  9390 | D:6      | Killed Pikel
  9391 | D:6      | Reached skill level 8 in Spellcasting
  9525 | D:7      | Reached **** piety under Nemelex Xobeh
  9651 | D:7      | Found a shimmering altar of Xom.
  9657 | D:7      | Noticed Dowan
  9661 | D:7      | Killed Dowan
  9662 | D:7      | Reached XP level 10. HP: 53/60 MP: 0/0
  9709 | D:7      | You are sucked into a shaft and drop 2 floors!
  9709 | D:9      | Received a gift from Nemelex Xobeh
 10004 | D:9      | Identified the +0 quarterstaff "Judaph" {spect, rF+ rC+
                  | SInv}
 10006 | D:9      | HP: 1/60 [centaur/arrow (11)]
 10010 | D:9      | Found a flagged portal.
 10069 | Bailey   | Entered a bailey
 10525 | Bailey   | Noticed an orc knight
 10810 | Bailey   | Killed an orc knight
 10811 | Bailey   | Reached skill level 9 in Spellcasting
 11358 | D:8      | Found a blossoming altar of Fedhas.
 11810 | D:9      | Received a gift from Nemelex Xobeh
 11950 | D:8      | Found a hazy altar of Hepliaklqana.
 11950 | D:8      | Noticed Maggie
 11984 | D:8      | Killed Maggie
 12023 | D:8      | Reached skill level 1 in Fighting
 12421 | D:7      | Noticed Duvessa
 12525 | D:7      | Killed Duvessa
 13094 | D:8      | Found a glowing golden altar of the Shining One.
 13886 | D:10     | Entered Level 10 of the Dungeon
 13887 | D:10     | Noticed a two-headed ogre
 13891 | D:10     | Killed a two-headed ogre
 14011 | D:10     | Noticed a two-headed ogre
 14013 | D:10     | Noticed a minotaur
 14013 | D:10     | a two-headed ogre changed into a minotaur
 14028 | D:10     | Killed a minotaur
 14029 | D:10     | Reached XP level 11. HP: 27/70 MP: 0/0
 14029 | D:10     | Learned a level 5 spell: Summon Forest
 14030 | D:10     | HP: 3/70 [warg (7)]
 14609 | D:10     | Noticed a two-headed ogre
 14613 | D:10     | Noticed a moth of wrath
 14616 | D:10     | Noticed a two-headed ogre
 14622 | D:10     | Found a bloodstained altar of Trog.
 14622 | D:10     | Noticed a two-headed ogre
 14623 | D:10     | Found a transporter.
 14623 | D:10     | Noticed a cyclops
 14643 | D:10     | Found a transporter.
 14646 | D:10     | Noticed petercordia2's ghost (journeyman NaTm)
 14698 | D:10     | Reached skill level 10 in Spellcasting
 14839 | D:10     | Found a staircase to the Lair.
 14934 | D:10     | Noticed Sonja
 14950 | D:10     | Killed Sonja
 15223 | D:10     | Noticed a two-headed ogre
 15235 | D:10     | Killed a two-headed ogre
 16020 | D:11     | Noticed an eight-headed hydra
 16553 | Lair:1   | Entered Level 1 of the Lair of Beasts
 16607 | Lair:1   | Received a gift from Nemelex Xobeh
 16672 | Lair:1   | Found a gate leading to a gauntlet.
 16686 | Gauntlet | Entered a Gauntlet
 16686 | Gauntlet | Found a transporter.
 16700 | Gauntlet | Noticed a catoblepas
 16935 | Gauntlet | Found a transporter.
 16936 | Gauntlet | Found a transporter.
 16937 | Gauntlet | Found a transporter.
 16945 | Gauntlet | Found a transporter.
 16947 | Gauntlet | Found a transporter.
 16948 | Gauntlet | Found a transporter.
 16956 | Gauntlet | Noticed a blizzard demon
 16959 | Gauntlet | Found a transporter.
 16960 | Gauntlet | Found a transporter.
 16962 | Gauntlet | Found a transporter.
 16970 | Gauntlet | Found a transporter.
 16973 | Gauntlet | Found a transporter.
 16974 | Gauntlet | Found a transporter.
 16977 | Gauntlet | Noticed an entropy weaver
 16982 | Gauntlet | Found a transporter.
 17023 | Gauntlet | Reached ***** piety under Nemelex Xobeh
 17491 | Gauntlet | Identified the ring of Laxedapp {Fly rPois Str+6 SInv}
 17498 | Gauntlet | HP: 2/74 [small abomination (10)]
 17808 | Gauntlet | Identified the +2 cloak of Oblivion {rC+ Regen+}
 17818 | Gauntlet | HP: 1/74 [entropy weaver (3)]
 17819 | Gauntlet | Mangled by an entropy weaver

Illustrated notes

Levels and vault maps discovered:
D:1:      eino_arrival_tree_alley, layout_rooms, serial_shops, shop,
          shapermc_ecumenical_altar_flowoftime
D:2:      minmay_chambers_of_ones, layout_basic, kennysheep_boxes
D:3:      layout_loops_ring, amcnicky_altar_gilded, nicolae_gozag_seed_capital,
          serial_aquarium, aquarium_bridge_square [aquarium_subvault_window,
          aquarium_subvault_balcony, aquarium_subvault_bridge,
          aquarium_subvault_window], aquarium_bridge_straight
          [aquarium_subvault_bridge, aquarium_subvault_wall,
          aquarium_subvault_bridge, aquarium_subvault_wall], aquarium_window_2,
          aquarium_window_2, aquarium_window_1, aquarium_view_2f
D:4:      layout_loops_ring, uniq_blork_the_orc, uniq_robin
D:5:      layout_basic
D:6:      layout_basic, pdpol_wu_jian_five_deadly_venoms,
          makhleb_heckhound_becter, minmay_temple_entry_wispy,
          gup_sewer_entry_spiral, moated_statue, bh_walls_and_bars
D:7:      layout_cave_pools, kennysheep_mini_moat, uniq_duvessa, uniq_pikel
D:8:      layout_loops_corners, nzn_hepliaklqana_mist_gate,
          nicolae_overflow_hidden_temple, lemuel_coloured_pillars_altar,
          uniq_maggie
D:9:      layout_basic, nicolae_overflow_crystal_walls, enter_bailey_5
D:10:     layout_basic, erik_lair_orcish_takeover,
          gammafunk_ghost_wrathful_warriors, grunt_ministairs_12, uniq_sonja
D:11:     layout_rooms, uniq_erolcha
Lair:1:   layout_gridlike, gauntlet_entry_generic,
          cheibrodos_lair_caveside_slide
Gauntlet: gammafunk_gauntlet_77_escape_option
          [minmay_gauntlet_arena_77_block_sizes,
          minmay_gauntlet_arena_77_tiled_triplets,
          minmay_gauntlet_arena_77_p_blocks,
          minmay_gauntlet_arena_77_broken_ladder,
          minmay_gauntlet_arena_77_terracotta_army, gauntlet_exit_spiral]

Skill      XL: |  1  2  3  4  5  6  7  8  9 10 11 |
---------------+----------------------------------+-----
Spellcasting   | 3 4 5 6 8 9 10 | 10.7
Armour         | 1 2 3 4 6 7 8 |  8.6
Invocations    | 1 2 3 4 6 7 8 |  8.6
Staves         | 1 2 |  2.4
Evocations     | 2 |  2.2
Fighting       | 2 4 |  4.7
Dodging        | |  2.1
Stealth        | |  1.5

Action                   |  1- 3 |  4- 6 |  7- 9 | 10-12 || total
-------------------------+-------+-------+-------+-------++-------
Melee: Unarmed           |     8 |       |       |       ||     8
       Short sword       |     2 |     8 |       |       ||    10
       Quarterstaff      |       |     1 |     5 |    10 ||    16
 Cast: Sting             |    13 |       |       |       ||    13
       Poisonous Vapours |    33 |    83 |   136 |   171 ||   423
       Foxfire           |     4 |    13 |    63 |    46 ||   126
       Passwall          |       |     1 |     1 |     5 ||     7
       Ignite Poison     |       |     1 |     7 |    10 ||    18
       Mephitic Cloud    |       |       |     5 |     6 ||    11
       Slow              |       |       |     3 |     6 ||     9
       Olgreb's Toxic Ra |       |       |       |    10 ||    10
       Summon Forest     |       |       |       |     2 ||     2
Invok: Draw Destruction  |     1 |     1 |     2 |     5 ||     9
       Draw Summoning    |       |       |     1 |     9 ||    10
       Draw Escape       |       |       |       |     5 ||     5
       Triple Draw       |       |       |       |     1 ||     1
  Use: Scroll            |       |     4 |     7 |     8 ||    19
       Potion            |       |       |     1 |     6 ||     7
Armor: Robe              |     1 |     3 |       |       ||     4
       Ring mail         |       |     1 |    42 |    64 ||   107
Dodge: Dodged            |     6 |    18 |    37 |    89 ||   150

Table legend: (Time is in decaauts)
 A = Elapsed time spent in this place.
 B = Non-inter-level travel time spent in this place.
 C = Inter-level travel time spent in this place.
 D = Time resting spent in this place.
 E = Time spent auto-exploring this place.
 F = Levels seen in this place.
 G = Mean time per level.
                   A        B        C        D        E       F      G
               +--------+--------+--------+--------+--------+-----+--------+
         Total |  17829 |  17001 |    828 |   7464 |   5405 |  14 | 1273.5 |
       Dungeon |  15405 |  14577 |    828 |   5910 |   5405 |  11 | 1400.5 |
          Lair |    120 |    120 |      0 |      3 |      0 |   1 |  120.0 |
        Bailey |   1179 |   1179 |      0 |    733 |      0 |   1 | 1179.0 |
      Gauntlet |   1123 |   1123 |      0 |    818 |      0 |   1 | 1123.0 |
               +--------+--------+--------+--------+--------+-----+--------+

Top non-repeatable levels by time:
    D:10: 2658 daAuts
     D:4: 2184 daAuts
     D:6: 1813 daAuts
     D:3: 1719 daAuts
     D:2: 1591 daAuts
     D:8: 1310 daAuts
     D:9: 1189 daAuts
  Bailey: 1179 daAuts
     D:1: 1148 daAuts
Gauntlet: 1123 daAuts
     D:7: 968 daAuts
     D:5: 797 daAuts
  Lair:1: 120 daAuts
    D:11: 22 daAuts
